 Dungeon Crawl Stone Soup version 0.30-a0-779-g7971cf19c3 (webtiles) character file.

Game seed: 10994475518389252302

56 Pimp the Stinger (level 3, -12/19 HPs)
             Began as a Deep Elf Venom Mage on Feb 17, 2023.
             Mangled by an ogre
             ... wielding a +0 giant spiked club
              (31 damage)
             ... on level 3 of the Dungeon.
             The game lasted 00:05:34 (1543 turns).

Pimp the Stinger (Deep Elf Venom Mage)              Turns: 1543, Time: 00:05:35

Health: -12/19     AC:  3    Str:  5    XL:     3   Next: 69%
Magic:  7/10       EV: 13    Int: 19    God:
Gold:   75         SH:  0    Dex: 17    Spells: 7/9 levels left

rFire   . . .      SeeInvis .    c - +1 dagger (venom)
rCold   . . .      Faith    .    (no shield)
rNeg    . . .      Spirit   .    a - +0 robe
rPois   .          Reflect  .    (no helmet)
rElec   .          Harm     .    g - +0 cloak
rCorr   .          Rampage  .    (no gloves)
Will    .....                    (no boots)
Stlth   ++                       (no amulet)
HPRegen 0.23/turn                (no ring)
MPRegen 0.12/turn                (no ring)

@: no status effects
A: no striking features
a: no special abilities


You were on level 3 of the Dungeon.
You visited 1 branch of the dungeon, and saw 3 of its levels.

You collected 75 gold pieces.

Inventory:

Hand Weapons
 c - a +1 dagger of venom (weapon)
Armour
 a - a +0 robe (worn)
 g - a +0 cloak (worn)
Scrolls
 d - a scroll of identify {unknown}
 e - a scroll of noise {unknown}
 f - a scroll of teleportation {unknown}
 h - a scroll of magic mapping {unknown}
 k - a scroll of vulnerability {unknown}
Potions
 b - 3 potions of magic
 i - a potion of cancellation {unknown}
 j - a potion of heal wounds {unknown}
 l - a potion of brilliance {unknown}
 m - a potion of curing


   Skills:
 + Level 0.1 Fighting
 + Level 0.3 Short Blades
 + Level 2.6 Dodging
 + Level 2.6 Stealth
 + Level 0.1 Unarmed Combat
 + Level 3.6 Spellcasting
 + Level 1.9 Transmutations
 + Level 4.2 Poison Magic


You had 7 spell levels left.
You knew the following spells:

 Your Spells              Type           Power      Damage    Failure   Level
a - Sting                 Tmut/Pois      60%        1d6       4%          1
b - Slow                  Hex            12%        N/A       14%         1

Your spell library contained the following spells:

 Spells                   Type           Power      Damage    Failure   Level
 Poisonous Vapours        Pois/Air       22%        N/A       9%          2
 Mephitic Cloud           Conj/Pois/Air  8%         N/A       24%         3
 Olgreb's Toxic Radiance  Pois           19%        N/A       26%         4
 Confusing Touch          Hex            3%         N/A       41%         3
 Vampiric Draining        Necr           3%         2d6       41%         3


Dungeon Overview and Level Annotations

Branches:
Dungeon (3/15)

Altars:


Message History

You kill the orc!
m - a potion of curing HP restored.
You see here a +0 falchion.
Found a stone staircase leading down.
You see here a +0 falchion.
An ogre comes into view. It is wielding a +0 giant spiked club.
Found 10 gold pieces.
You see here 18 gold pieces.
Casting: Sting (safe; 4% risk of failure)
Confirm with . or Enter, or press ? or * to list all spells.
You can't see any susceptible monsters within range! (Use Z to cast anyway.)
Casting: Sting (safe; 4% risk of failure)
Confirm with . or Enter, or press ? or * to list all spells.
Aiming: Sting (safe; 4% risk of failure)
Press: ? - help, Shift-Dir - straight line, f - ogre
Aim: an ogre, wielding a +0 giant spiked club (asleep, 100% to hit)
The sting hits the ogre.
The ogre is poisoned.
The ogre is lightly wounded.
The ogre shouts!
Casting: Sting (safe; 4% risk of failure)
Confirm with . or Enter, or press ? or * to list all spells.
Aiming: Sting (safe; 4% risk of failure)
Press: ? - help, Shift-Dir - straight line, f/p - ogre
Aim: an ogre, wielding a +0 giant spiked club (lightly wounded, poisoned, 88% to hit)
The sting hits the ogre.
The ogre looks even sicker.
The ogre is moderately wounded.
The ogre attacks as you move away! The ogre misses you.
Casting: Sting (safe; 4% risk of failure)
Confirm with . or Enter, or press ? or * to list all spells.
Aiming: Sting (safe; 4% risk of failure)
Press: ? - help, Shift-Dir - straight line, f/p - ogre
Aim: an ogre, wielding a +0 giant spiked club (moderately wounded, very poisoned, 88% to hit)
The sting hits the ogre.
The ogre looks even sicker.
The ogre is heavily wounded.
The ogre attacks as you move away! The ogre barely misses you.
The ogre attacks as you move away!
The ogre hits you with a +0 giant spiked club!!
Ouch! That really hurt!
You die...

#. #..## #. #... .#
#..#..# ..#
####..#..#####..###
..$.........?.....
#. #.$###.#..### #.
#.......>!... #.
#............ #.
##..O@.......
###..##.###....###
..................
###.###)###.#..###
#.....# #.#..#
#####.###.#..###
#...............
#.###..##....####
#...............#


You could see an ogre (very poisoned).

Vanquished Creatures
  An adder (D:2)
  2 dart slugs
  A worm (D:2)
  An orc (D:3)
  A ball python (D:1)
  A bat (D:1)
  3 endoplasms
  A giant cockroach (D:1)
  6 goblins
  6 hobgoblins
  2 jackals (D:2)
  A quokka (D:1)
  4 frilled lizards
  A kobold (D:2)
  6 rats
37 creatures vanquished.

Notes
Turn   | Place    | Note
-------+----------+-------------------------------------------
     0 | D:1      | Pimp the Deep Elf Venom Mage began the quest for the Orb.
     0 | D:1      | Reached XP level 1. HP: 10/10 MP: 6/6
   119 | D:1      | Reached XP level 2. HP: 2/15 MP: 2/8
   537 | D:1      | Found a faded altar of an unknown god.
   537 | D:1      | Noticed a rust devil
   903 | D:2      | Reached skill level 4 in Poison Magic
   967 | D:2      | Reached XP level 3. HP: 11/19 MP: 9/9
  1455 | D:2      | Learned a level 1 spell: Slow
  1533 | D:3      | Noticed an ogre
  1543 | D:3      | Mangled by an ogre

Illustrated notes

Levels and vault maps discovered:
D:1:      scummos_arrival_checkerplants, layout_loops_ring,
          dreamdust_ecumenical_altar_sealed_demon
D:2:      layout_rooms
D:3:      layout_basic, kennysheep_ying_yang, gammafunk_ghost_nasty_kobolds

Skill      XL: |  1  2 |
---------------+-------+-----
Poison Magic   | 4 |  4.2
Fighting       | |  0.1
Short Blades   | |  0.3
Dodging        | |  2.6
Stealth        | |  2.6
Unarmed Combat | |  0.1
Spellcasting   | |  3.6
Transmutations | |  1.9

Action                     || total
---------------------------++-------
  Melee: Unarmed           ||    22
         Dagger            ||    58
         Punch             ||     1
   Cast: Sting             ||    25
    Use: Potion            ||     1
   Stab: Sleeping          ||     2
 Armour: Robe              ||    16
  Dodge: Dodged            ||    66

Table legend: (Time is in decaauts)
 A = Elapsed time spent in this place.
 B = Non-inter-level travel time spent in this place.
 C = Inter-level travel time spent in this place.
 D = Time resting spent in this place.
 E = Time spent auto-exploring this place.
 F = Levels seen in this place.
 G = Mean time per level.
                   A        B        C        D        E       F      G
               +--------+--------+--------+--------+--------+-----+--------+
         Total |   1542 |   1452 |     90 |    121 |    962 |   3 |  514.0 |
       Dungeon |   1542 |   1452 |     90 |    121 |    962 |   3 |  514.0 |
               +--------+--------+--------+--------+--------+-----+--------+

Top non-repeatable levels by time:
     D:1: 866 daAuts
     D:2: 591 daAuts
     D:3: 84 daAuts
